 Dungeon Crawl Stone Soup version 0.24-a0-203-gf0bc1e94ae (webtiles) character file.

Game seed: 16523675361030365503

229 HYPERHYPER the Skirmisher (level 6, -1/32 HPs)
             Began as a Vine Stalker Fighter on Mar 28, 2019.
             Slain by a centaur (6 damage)
             ... on level 5 of the Dungeon.
             The game lasted 00:01:20 (1579 turns).

HYPERHYPER the Skirmisher (Vine Stalker Fighter)    Turns: 1579, Time: 00:01:21

Health: -1/32      AC:  7    Str: 21    XL:     6   Next: 3%
Magic:  0/7        EV:  8    Int:  8    God:
Gold:   135        SH:  9    Dex:  8    Spells: 5/5 levels left

rFire    + . .     SeeInvis .   g - +2 whip "Zisage Qiets" {vamp, rF+ rC+ Dex-5 Stlth+} (curse)
rCold    + . .     Gourm    .   c - +0 shield
rNeg     . . .     Faith    .   b - +0 scale mail
rPois    .         Spirit   +   q - +0 helmet
rElec    .         Reflect  .   (no cloak)
rCorr    .         Harm     .   (no gloves)
MR       .....                  (no boots)
Stlth    +.........             (no amulet)
HPRegen  0.50/turn              (no ring)
MPRegen  0.10/turn              (no ring)

@: lethally poisoned (-1 -> -1)
A: fangs 2, regeneration 1, magic shield, antimagic bite, no potion heal 3, rot
immunity
a: no special abilities


You were on level 5 of the Dungeon.
You were not hungry.

You visited 1 branch of the dungeon, and saw 5 of its levels.

You collected 135 gold pieces.

Inventory:

Hand Weapons
 a - a +0 rapier
 g - the cursed +2 whip "Zisage Qiets" (weapon) {vamp, rF+ rC+ Dex-5 Stlth+}
   (You found it on level 5 of the Dungeon)

   It inflicts no extra harm, but heals its wielder when it wounds a living foe.
   It affects your dexterity (-5).
   It protects you from fire.
   It protects you from cold.
   It makes you more stealthy.
   It has a curse placed upon it.
Armour
 b - a +0 scale mail (worn)
 c - a +0 shield (worn)
 q - a +0 helmet (worn)
   (You found it on level 2 of the Dungeon)
Scrolls
 f - 2 scrolls of enchant armour {unknown}
 h - a scroll of remove curse {unknown}
 i - a scroll of amnesia {unknown}
 l - a scroll of fear {unknown}
 n - a scroll of immolation {unknown}
 p - a scroll of noise {unknown}
 r - 3 scrolls of teleportation {unknown}
Potions
 d - 3 potions of might
 j - a potion of brilliance {unknown}
 k - a potion of haste {unknown}
 m - a potion of flight {unknown}
 o - a potion of heal wounds {unknown}
Comestibles
 e - 3 rations
 s - a chunk of flesh


   Skills:
 + Level 3.3 Fighting
 * Level 3.2 Short Blades
 + Level 3.0 Armour
 + Level 1.5 Dodging
 + Level 2.3 Stealth
 + Level 3.3 Shields


You had 5 spell levels left.
You didn't know any spells.
Your spell library was empty.

Dungeon Overview and Level Annotations

Branches:
Dungeon (5/15)
 Temple: D:4-7

Altars:
The Shining One


Innate Abilities, Weirdness & Mutations

You have extremely sharp teeth.
Your natural rate of healing is unusually fast.
When hurt, damage is shared between your health and your magic reserves.
Your bite disrupts and absorbs the magic of your enemies.
Potions cannot restore your health.
You are immune to rotting.


Message History

You feel sick. You block the centaur's attack.
You block the crimson imp's attack.
The centaur hits you but does no damage.
You block the adder skeleton's attack.
You closely miss the centaur. You bite the centaur, but do no damage.
The centaur is lightly wounded.
The centaur hits you but does no damage.
The crimson imp closely misses you. The adder skeleton bites you.
* * * LOW HITPOINT WARNING * * *
An orc comes into view. It is wielding a +0 short sword.
The centaur hits you but does no damage.
The orc shouts!
You hit the centaur. Your bite misses the centaur.
The centaur is moderately wounded.
The centaur hits you.
* * * LOW HITPOINT WARNING * * *
The crimson imp hits you but does no damage.
The adder skeleton bites you but does no damage.
The centaur hits you!
You die...

.....##..........
...............##.....
..................#... .
...............##..## ..
##.............##....
...#.................#
.........#.########..#
.......#5#..######=>.##.
......c@.(...(..........
.......Z....((..........
.....####.....####......
.... ##...## #...... ...
##o## #.<.... .. #.#
#...... . #.# .....#.
... ...###. .8


You could see a centaur, a crimson imp, an orc and an adder skeleton.

Vanquished Creatures
  A centaur skeleton (D:3)
  An iguana (D:3)
  A hound skeleton (D:5)
  5 adders
  5 gnolls
  An ooze (D:3)
  A worm (D:3)
  4 dart slugs
  3 orcs
  7 bats
  3 giant cockroaches
  3 goblins
  7 hobgoblins
  4 jackals (D:3)
  2 ball pythons (D:3)
  4 frilled lizards
  2 kobolds (D:3)
  A leopard gecko skeleton (D:4)
  A quokka skeleton (D:3)
  3 rats
59 creatures vanquished.

Notes
Turn   | Place    | Note
-------+----------+-------------------------------------------
     0 | D:1      | HYPERHYPER the Vine Stalker Fighter began the quest for the
                  | Orb.
     0 | D:1      | Reached XP level 1. HP: 11/11 MP: 2/2
   101 | D:1      | Reached XP level 2. HP: 16/16 MP: 1/3
   387 | D:1      | You fall through a shaft!
   485 | D:2      | Reached XP level 3. HP: 14/19 MP: 2/4
   496 | D:2      | Reached skill level 1 in Stealth
   506 | D:2      | Gained mutation: Your natural rate of healing is unusually
                  | fast. [Vine Stalker growth]
   506 | D:2      | Reached XP level 4. HP: 2/23 MP: 3/5
   899 | D:3      | Reached skill level 1 in Dodging
   972 | D:3      | Reached XP level 5. HP: 28/28 MP: 6/6
  1059 | D:3      | Found a glowing golden altar of the Shining One.
  1447 | D:5      | Entered Level 5 of the Dungeon
  1499 | D:5      | Got an iridescent whip
  1502 | D:5      | Identified the cursed +2 whip "Zisage Qiets" {vamp, rF+ rC+
                  | Dex-5 Stlth+} (You found it on level 5 of the Dungeon)
  1562 | D:5      | Noticed a centaur
  1573 | D:5      | Reached XP level 6. HP: 15/32 MP: 4/7
  1579 | D:5      | Slain by a centaur

Levels and vault maps discovered:
D:1:      giann_horns, layout_basic, minmay_tetromino_i4
D:2:      layout_loops_cross
D:3:      layout_rooms, old_standard_altar
D:4:      layout_gridville, uniq_sigmund
D:5:      cheibrodos_barr_body, layout_rooms, first_ration,
          nicolae_ru_sacrificial_ziggurat, uniq_edmund

Skill      XL: |  1  2  3  4  5 |
---------------+----------------+-----
Short Blades   | 2 3 |  3.2
Stealth        | 1 2 |  2.3
Shields        | 3 |  3.3
Fighting       | 3 |  3.3
Dodging        | 1 |  1.5
Armour         | 3 |  3.0

Action                   |  1- 3 |  4- 6 || total
-------------------------+-------+-------++-------
Melee: Rapier            |    51 |   135 ||   186
       Bite              |    15 |    48 ||    63
       Whip              |       |    12 ||    12
  Eat: Ration            |       |     2 ||     2
       Chunk             |       |     2 ||     2
Armor: Scale mail        |    21 |    92 ||   113
Dodge: Dodged            |    10 |    63 ||    73
Block: Shield            |    26 |   103 ||   129

Table legend:
 A = Non-vault XP
 B = Vault XP
 C = Vault XP percentage of total XP
 D = Non-vault monster count
 E = Vault monster count
 F = Vault count percentage of total count
                 A         B        C        D         E       F
            +---------+---------+-------+---------+---------+-------
      Total |     321 |       7 |   2.1 |      56 |       3 |   5.1
            +---------+---------+-------+---------+---------+-------
        D:1 |      19 |       7 |  26.9 |      10 |       3 |  23.1
        D:2 |      76 |       0 |   0.0 |      10 |       0 |   0.0
        D:3 |     147 |       0 |   0.0 |      28 |       0 |   0.0
        D:4 |      18 |       0 |   0.0 |       3 |       0 |   0.0
        D:5 |      61 |       0 |   0.0 |       5 |       0 |   0.0
            +---------+---------+-------+---------+---------+-------
